 Dungeon Crawl Stone Soup version 0.30-a0-757-ga6a79fd877 (webtiles) character file.

Game seed: 18046032669005513076

27941 Lobster4 the Fighter (level 13, -9/113 HPs)
             Began as a White Draconian Artificer on Feb 9, 2023.
             Was a Priest of Nemelex Xobeh.
             Mangled by an ettin
             ... wielding a +0 dire flail of protection
              (16 damage)
             ... on level 1 of the Orcish Mines.
             The game lasted 00:57:19 (16231 turns).

Lobster4 the Fighter (White Draconian Artificer)   Turns: 16231, Time: 00:57:19

Health: -9/113     AC: 11    Str: 23    XL:     13   Next: 7%
Magic:  0/23       EV: 15    Int: 15    God:    Nemelex Xobeh [***...]
Gold:   785        SH:  0    Dex: 11    Spells: 14/26 levels left

rFire   . . .      SeeInvis .    e - staff of cold
rCold   + + .      Faith    .    (no shield)
rNeg    . . .      Spirit   +    (body armour unavailable)
rPois   .          Reflect  .    (helmet restricted)
rElec   .          Harm     .    n - +0 cloak
rCorr   .          Rampage  .    h - +1 pair of gloves
Will    .....                    (no boots)
Stlth   +                        y - amulet of guardian spirit
HPRegen 0.38/turn                s - +4 ring of slaying
MPRegen 0.18/turn                p - +6 ring of strength

@: freezing walls
A: breathe frost, AC +8, unfitting armour, cold resistance 1, cold-blooded
a: Breathe Frost, Renounce Religion, Draw Escape, Draw Destruction, Draw
Summoning, Triple Draw


You were on level 1 of the Orcish Mines.
You worshipped Nemelex Xobeh.
Nemelex Xobeh was most pleased with you.
You visited 3 branches of the dungeon, and saw 14 of its levels.

You collected 785 gold pieces.

Inventory:

Hand Weapons
 a - a +1 spear of draining
 j - a +2 flail of protection
 t - the +1 hammer of Zaikhl Vavva {antimagic, rC- Str+3 SInv}
   (You found it on level 3 of the Dungeon)

   Str:       It affects your strength (+3).
   rC:        It makes you vulnerable to cold.
   SInv:      It lets you see invisible.
 u - a +2 hammer of holy wrath
 v - a +1 heavy hammer
 J - a +7 hand axe of freezing
 P - a +0 shortbow
 Q - a +4 broad axe
Missiles
 r - 6 atropa-tipped darts
 D - 25 poisoned darts
 M - 3 boomerangs (quivered)
Armour
 h - a +1 pair of gloves (worn)
 n - a +0 cloak (worn)
 w - a +0 buckler
Magical Staves
 e - a staff of cold (weapon)
Jewellery
 b - a ring of magical power
 k - a ring of wizardry
 l - a ring of resist corrosion
 p - a +6 ring of strength (right hand)
 s - a +4 ring of slaying (left hand)
 y - an amulet of guardian spirit (around neck)
 G - the ring "Xateri" {Drain AC+4 Str-5 Int+7}
   (You took it off a gnoll on level 6 of the Dungeon)

   [ring of protection]

   AC:        It affects your AC (+4).
   Str:       It affects your strength (-5).
   Int:       It affects your intelligence (+7).
   Drain:     It drains your maximum health when unequipped.
 S - a +5 ring of evasion
Wands
 c - a wand of charming (8)
 q - a wand of digging (2)
 A - a wand of flame (5)
 N - a wand of polymorph (6)
 O - a wand of iceblast (1)
Scrolls
 d - a scroll of amnesia
 g - a scroll of brand weapon
 m - 2 scrolls of enchant weapon
 o - 8 scrolls of teleportation
 E - 2 scrolls of blinking
 F - a scroll of poison
 I - a scroll of fear
 R - a scroll of summoning
Potions
 f - 2 potions of brilliance {unknown}
 i - 2 potions of curing
 x - 2 potions of berserk rage
 z - a potion of might
 B - a potion of flight
 C - a potion of ambrosia
 H - a potion of resistance
 L - a potion of heal wounds


   Skills:
 + Level 9.8 Fighting
 - Level 6.0(6.2) Maces & Flails
 - Level 5.0(5.2) Polearms
 + Level 2.3(5.5) Staves
 - Level 3.0 Throwing
 + Level 8.3 Dodging
 - Level 1.0 Stealth
 + Level 3.1 Shields
 + Level 7.1 Spellcasting
 + Level 0.2 Conjurations
 - Level 3.0 Transmutations
 + Level 9.3 Ice Magic
 + Level 0.1 Air Magic
 + Level 8.3 Invocations
 + Level 7.5 Evocations


You had 14 spell levels left.
You knew the following spells:

 Your Spells              Type           Power      Damage    Failure   Level
a - Frozen Ramparts       Ice            100%       1d16      1%          3
b - Ice Form              Ice/Tmut       36%        N/A       10%         4
c - Freezing Cloud        Conj/Ice/Air   11%        6-21      67%         5

Your spell library contained the following spells:

 Spells                   Type           Power      Damage    Failure   Level
 Passwall                 Tmut/Erth      7%         N/A       11%         2
 Foxfire                  Conj/Fire      20%        2x1d5     12%         1
 Sandblast                Erth           10%        2d5       13%         1
 Summon Ice Beast         Ice/Summ       29%        N/A       19%         4
 Scorch                   Fire           10%        2d5       21%         2
 Ignite Poison            Fire/Tmut/Pois 8%         N/A       26%         3
 Inner Flame              Hex/Fire       5%         N/A       36%         3
 Stone Arrow              Conj/Erth      10%        3d7       36%         3
 Flame Wave               Conj/Fire      5%         2d5       77%         4
 Fulminant Prism          Conj/Hex       2%         3d5       77%         4
 Sticky Flame             Conj/Fire      5%         2d3       77%         4
 Iskenderun's Battlesphe  Conj           6%         2d6       97%         5
 Lightning Bolt           Conj/Air       2%         1d14      98%         5
 Iron Shot                Conj/Erth      2%         9d2       100%        6
 Starburst                Conj/Fire      2%         6d3       100%        6
 Spellforged Servitor     Conj/Summ      2%         N/A       100%        7


Dungeon Overview and Level Annotations

Branches:
Dungeon (12/15)            Temple (1/1) D:5            Lair (0/5) D:11
    Orc (1/2) D:12

Altars:
Ashenzari
Cheibriados
Dithmenos
Elyvilon
Fedhas
Gozag
Hepliaklqana
Kikubaaqudgha
Makhleb
Nemelex Xobeh
Okawaru
Qazlal
Ru
Sif Muna
Trog
Uskayaw
Vehumet
Wu Jian
Xom
Yredelemnul
Zin
The Shining One

Shops:
D:1 *   D:9 :

Annotations:
D:3 1 runed translucent door, Crazy Yiuf
D:6 exclusion: electric eel
D:8 exclusion: orange demon
D:10 2 runed translucent doors
D:11 exclusion: 2 oklob plants
Abyss:1 Amaemon


Innate Abilities, Weirdness & Mutations

You can breathe waves of freezing cold which knock back foes.
Your icy white scales are hard. (AC +8)
You cannot fit into any form of body armour.
Your flesh is cold resistant. (rC+)
You are cold-blooded and may be slowed by cold attacks.


Message History

The wall freezes the ettin!
You hit the ettin but do no damage. You freeze the ettin!
You tail-slap the ettin.
The ettin is moderately wounded.
The wall freezes the ettin but does no damage.
The ettin barely misses you. The ettin misses you.
You hit the ettin but do no damage. You freeze the ettin.
You tail-slap the ettin, but do no damage.
The ettin is heavily wounded.
The wall freezes the ettin!
The ettin hits you with a +0 dire flail of protection.
The ettin hits you with a +0 dire flail!
An orc wizard comes into view. It is wielding a +0 dagger.
You hit the ettin. You freeze the ettin!
You tail-slap the ettin, but do no damage.
The ettin is severely wounded.
The wall freezes the ettin.
The ettin hits you with a +0 dire flail of protection!
The ettin hits you with a +0 dire flail.
You hit the ettin but do no damage. You freeze the ettin.
Your tail-slap misses the ettin.
The ettin is almost dead.
The wall freezes the ettin but does no damage.
The ettin barely misses you.
The ettin hits you with a +0 dire flail!
An orc comes into view. It is wielding a +0 mace.
You barely miss the ettin.
The ettin is almost dead.
The wall freezes the ettin but does no damage.
The ettin hits you with a +0 dire flail of protection!!!
The ettin closely misses you.
You hear a shout!
You completely miss the ettin.
Your tail-slap misses the ettin.
The ettin is almost dead.
The wall freezes the ettin but does no damage.
The ettin hits you with a +0 dire flail of protection!!!
* * * LOW HITPOINT WARNING * * *
The ettin hits you with a +0 dire flail!
You die...
Your body glows slightly and disappears.

##......)........ ...
#...#)..........##.# .
##....##....##.###..#..
#..<.........##........
#......................
#..................#..
#...........>..#..##
##......#.#........#
......#.......@C..##
..............#.#.(.#
...##.........###...o$o....
...#.# ##......... ....
.....>.... ..# ...........
. ............
#.#........#. #####...####


You could see an ettin (poisoned), an orc wizard and an orc.

Vanquished Creatures
  Snorg (D:10)
  Fannar (D:11)
  2 boulder beetles
  A two-headed ogre (D:12)
  Nergalle (D:11)
  2 cyclopes
  3 manticores
  A deep elf pyromancer (D:12)
  An orange demon (D:8)
  A gargoyle (D:11)
  2 unseen horrors
  3 trolls
  3 meliai (D:12)
  A hornet (D:8)
  Grinder (D:4)
  3 slime creatures (D:12)
  10 yaks
  2 wyverns (D:9)
  Grum (D:8)
  5 vampire mosquitoes (D:12)
  3 steam dragons
  3 acid dragons
  5 water moccasins
  7 orc warriors
  2 black bears
  2 ice beasts
  A sky beast (D:6)
  6 ogres
  2 wolves
  7 centaurs
  3 phantoms
  Blork the orc (D:4)
  A necrophage (D:8)
  4 kobold brigands (D:12)
  7 gnoll sergeants
  6 bullfrogs
  A scorpion (D:5)
  5 wights
  12 killer bees
  4 howler monkeys (D:9)
  2 electric eels (D:6)
  A gnoll bouda (D:7)
  13 orc priests
  2 hounds
  An iguana (D:6)
  5 orc wizards
  10 adders
  31 gnolls
  3 white imps
  2 ufetubi
  3 worms
  A dart slug (D:5)
  41 orcs
  5 bats
  11 endoplasms
  2 giant cockroaches
  5 hobgoblins
  5 jackals
  3 quokkas
  16 ball pythons
  4 frilled lizards
  8 goblins
  3 kobolds
  5 rats
309 creatures vanquished.

Vanquished Creatures (collateral kills)
  A troll (D:8)
1 creature vanquished.

Vanquished Creatures (others)
  Edmund (D:4)
  An orc priest (D:11)
  18 plants
20 creatures vanquished.

Grand Total: 330 creatures vanquished

Notes
Turn   | Place    | Note
-------+----------+-------------------------------------------
     0 | D:1      | Lobster4 the Draconian Artificer began the quest for the
                  | Orb.
     0 | D:1      | Reached XP level 1. HP: 16/16 MP: 1/1
    96 | D:1      | You fall into a shaft and drop 1 floor!
   107 | D:2      | Reached skill level 1 in Stealth
   159 | D:2      | Reached XP level 2. HP: 22/23 MP: 2/2
   553 | D:1      | Found Fomyutau's Assorted Antiques.
   752 | D:1      | Reached XP level 3. HP: 28/29 MP: 3/3
  1517 | D:2      | Reached XP level 4. HP: 5/37 MP: 4/4
  1674 | D:2      | Got Debbides's Atlas of Bruises and Thunder
  2172 | D:3      | Identified the +1 hammer of Zaikhl Vavva {antimagic, rC-
                  | Str+3 SInv}
  2181 | D:3      | Found a runed translucent door.
  2182 | D:3      | Noticed Crazy Yiuf
  2602 | D:4      | Noticed a phantom
  2605 | D:4      | Reached XP level 5. HP: 31/45 MP: 5/5
  2675 | D:4      | Noticed a phantom
  2791 | D:4      | Reached skill level 1 in Polearms
  2815 | D:4      | Noticed Blork the orc
  2822 | D:4      | Killed Blork the orc
  2864 | D:4      | Noticed Edmund
  2919 | D:4      | Reached skill level 1 in Maces & Flails
  2919 | D:4      | Reached XP level 6. HP: 52/52 MP: 6/6
  3013 | D:4      | Noticed Grinder
  3016 | D:4      | Paralysed by Grinder for 2 turns
  3048 | D:4      | Your ally Edmund died
  3053 | D:4      | Killed Grinder
  3054 | D:4      | Your scales start taking on an icy white colour.
  3054 | D:4      | Reached XP level 7. HP: 59/59 MP: 7/7
  3054 | D:4      | Gained mutation: Your flesh is cold resistant. (rC+) [White
                  | Draconian growth]
  3058 | D:4      | Learned a level 3 spell: Frozen Ramparts
  3259 | D:4      | Reached skill level 1 in Ice Magic
  3640 | D:5      | Entered Level 5 of the Dungeon
  3686 | D:5      | Reached skill level 1 in Spellcasting
  3704 | D:5      | Reached skill level 5 in Evocations
  3873 | D:5      | Found a staircase to the Ecumenical Temple.
  3896 | Temple   | Entered the Ecumenical Temple
  3902 | Temple   | Became a worshipper of Nemelex Xobeh the Trickster
  4063 | D:5      | Reached skill level 5 in Fighting
  4128 | D:5      | Reached skill level 1 in Invocations
  4128 | D:5      | Reached XP level 8. HP: 56/68 MP: 9/11
  5231 | D:6      | Reached skill level 5 in Dodging
  5288 | D:6      | Identified the ring "Xateri" {Drain AC+4 Str-5 Int+7}
  5906 | D:6      | Reached skill level 1 in Throwing
  6079 | D:6      | Reached * piety under Nemelex Xobeh
  6514 | D:7      | Reached XP level 9. HP: 75/75 MP: 13/13
  7350 | D:7      | Reached skill level 5 in Ice Magic
  7382 | D:7      | Got the Parchment of Burning
  7394 | D:7      | Found a shimmering blue altar of Sif Muna.
  7433 | D:7      | Received a gift from Nemelex Xobeh
  8410 | D:8      | Noticed Grum
  8742 | D:8      | Found a shadowy altar of Dithmenos.
  9082 | D:8      | Reached ** piety under Nemelex Xobeh
  9315 | D:8      | Killed Grum
  9316 | D:8      | Reached XP level 10. HP: 67/84 MP: 16/16
  9395 | D:9      | Noticed an orange demon
  9395 | D:9      | Found a blossoming altar of Fedhas.
  9396 | D:9      | Noticed Amaemon
  9734 | D:8      | Banished Amaemon
 10217 | D:8      | Killed an orange demon
 10218 | D:8      | Reached skill level 5 in Invocations
 10522 | D:9      | Found Rovvyok's Tremendous Tomes.
 10845 | D:9      | Reached skill level 5 in Maces & Flails
 10856 | D:9      | Noticed a manticore
 10872 | D:9      | Killed a manticore
 10873 | D:9      | Reached skill level 5 in Polearms
 10873 | D:9      | Reached skill level 5 in Spellcasting
 11583 | D:9      | Received a gift from Nemelex Xobeh
 11612 | D:10     | Entered Level 10 of the Dungeon
 11701 | D:10     | Reached XP level 11. HP: 87/94 MP: 18/18
 11944 | D:10     | Found a runed translucent door.
 11950 | D:10     | Learned a level 4 spell: Ice Form
 11998 | D:10     | Noticed Snorg
 12016 | D:10     | Killed Snorg
 12279 | D:10     | Found an ornate altar of the Wu Jian Council.
 12319 | D:10     | Received a gift from Nemelex Xobeh
 12340 | D:10     | Reached XP level 12. HP: 103/103 MP: 19/21
 12381 | D:10     | Found a snail-covered altar of Cheibriados.
 12480 | D:10     | Found a runed translucent door.
 12912 | D:11     | Reached *** piety under Nemelex Xobeh
 12912 | D:11     | Received a gift from Nemelex Xobeh
 12915 | D:11     | Found a staircase to the Lair.
 13109 | D:11     | Noticed a boulder beetle
 13164 | D:10     | Killed a boulder beetle
 13429 | D:11     | Noticed Nergalle
 13447 | D:11     | Killed Nergalle
 13593 | D:11     | Noticed Fannar
 13984 | D:11     | Noticed a boulder beetle
 14012 | D:11     | Killed a boulder beetle
 14013 | D:11     | Reached skill level 1 in Shields
 14243 | D:11     | Killed Fannar
 14620 | D:12     | Noticed a two-headed ogre
 14808 | D:12     | Received a gift from Nemelex Xobeh
 14836 | D:12     | Reached skill level 1 in Staves
 15097 | D:12     | Killed a two-headed ogre
 15612 | D:12     | Received a gift from Nemelex Xobeh
 15982 | D:12     | Found a staircase to the Orcish Mines.
 15986 | D:12     | Reached XP level 13. HP: 68/113 MP: 9/23
 16152 | D:12     | Learned a level 5 spell: Freezing Cloud
 16155 | Orc:1    | Entered Level 1 of the Orcish Mines
 16220 | Orc:1    | Noticed an ettin
 16231 | Orc:1    | Mangled by an ettin

Illustrated notes

Levels and vault maps discovered:
D:1:      dpeg_arrival_lava_temple_mockup, layout_basic, serial_shops,
          nicolae_shop_hallway_stairs, chequers_jeans, hex_large
D:2:      layout_loops_ring, hangedman_decor_riveting, dk_noncrumbling_3
D:3:      layout_basic, kennysheep_generic_room_4, uniq_crazy_yiuf_cottage
D:4:      layout_rooms, uniq_grinder, uniq_edmund, uniq_blork_the_orc
D:5:      layout_loops_cross, minmay_temple_entry_statues
D:6:      layout_loops_cross, chequers_big_river, minmay_crossroads
D:7:      layout_rooms, nicolae_overflow_crystal_walls, serial_corexii_hall,
          chequers_hall_statues_y, corexii_hall_statues_x,
          corexii_hall_statues_u, corexii_hall_statues_t
D:8:      layout_basic, grunt_dithmenos_shadows, uniq_grum
D:9:      minmay_razor_zed, layout_small_grid, fedhas_altar_1,
          nicolae_shop_i_like_big_books, uniq_amaemon
D:10:     cheibrodos_histonic, layout_stronghold, kennysheep_mini_moat,
          cheibrodos_worm_habitat, uniq_snorg
D:11:     layout_rooms, dpeg_oklobed_lair, statue_in_the_mist_lemuel,
          uniq_fannar, uniq_nergalle
D:12:     layout_basic, kennysheep_orc_monster_closet_entryway
Temple:   sentei_temple_godly_chess
Orc:1:    layout_caves, basic_altar, sword_in_stone

Skill      XL: |  1  2  3  4  5  6  7  8  9 10 11 12 |
---------------+-------------------------------------+-----
Stealth        | 1 |  1.0
Fighting       | 2 3 4 5 6 7 8 9 |  9.8
Dodging        | 3 4 5 6 7 8 |  8.3
Evocations     | 4 5 6 7 |  7.5
Polearms       | 1 2 4 5 |  5.0
Maces & Flails | 1 2 3 5 6 |  6.0
Ice Magic      | 2 4 5 7 8 9 |  9.3
Spellcasting   | 2 3 4 5 6 7 |  7.1
Invocations    | 1 3 4 5 7 8 |  8.3
Throwing       | 1 2 3 |  3.0
Transmutations | 3 |  3.0
Shields        | 3 |  3.1
Staves         | 2 |  2.3
Conjurations   | |  0.2
Air Magic      | |  0.1

Action                     |  1- 3 |  4- 6 |  7- 9 | 10-12 | 13-15 || total
---------------------------+-------+-------+-------+-------+-------++-------
  Melee: Spear             |   156 |    95 |   265 |   328 |       ||   844
         Club              |     6 |       |       |       |       ||     6
         Tailslap          |    12 |     4 |    32 |    87 |     4 ||   139
         Punch             |     2 |     1 |     3 |    11 |     1 ||    18
         Mace              |       |       |    41 |    33 |       ||    74
         Flail             |       |       |       |    19 |       ||    19
         Hand axe          |       |       |       |    38 |       ||    38
         Staff             |       |       |       |    22 |    19 ||    41
  Throw: Dart              |       |     7 |    46 |    46 |     5 ||   104
         Boomerang         |       |       |    15 |    37 |     1 ||    53
         Throwing net      |       |       |     2 |     3 |       ||     5
   Cast: Frozen Ramparts   |       |       |       |    25 |     6 ||    31
 Invoke: Draw Destruction  |       |       |       |     2 |       ||     2
         Draw Escape       |       |       |       |     1 |       ||     1
         Draw Summoning    |       |       |       |     1 |       ||     1
Ability: Breathe Frost     |       |       |     3 |     5 |       ||     8
  Evoke: Wand              |    10 |    13 |    25 |    31 |     2 ||    81
    Use: Scroll            |     2 |    10 |     7 |    10 |       ||    29
         Potion            |       |       |     2 |     5 |       ||     7
   Stab: Sleeping          |     5 |     2 |     3 |       |       ||    10
         Distracted        |       |     2 |       |       |       ||     2
 Armour: Skin              |    33 |    13 |   113 |   164 |     2 ||   325
  Dodge: Dodged            |   110 |    40 |   182 |   358 |    10 ||   700

Table legend: (Time is in decaauts)
 A = Elapsed time spent in this place.
 B = Non-inter-level travel time spent in this place.
 C = Inter-level travel time spent in this place.
 D = Time resting spent in this place.
 E = Time spent auto-exploring this place.
 F = Levels seen in this place.
 G = Mean time per level.
                   A        B        C        D        E       F      G
               +--------+--------+--------+--------+--------+-----+--------+
         Total |  16220 |  15476 |    744 |   4033 |   8177 |  14 | 1158.6 |
       Dungeon |  16134 |  15394 |    740 |   4033 |   8150 |  12 | 1344.5 |
        Temple |     11 |      7 |      4 |      0 |      2 |   1 |   11.0 |
  Orcish Mines |     74 |     74 |      0 |      0 |     25 |   1 |   74.0 |
               +--------+--------+--------+--------+--------+-----+--------+

Top non-repeatable levels by time:
     D:8: 2056 daAuts
    D:10: 1907 daAuts
     D:7: 1619 daAuts
     D:6: 1499 daAuts
    D:12: 1441 daAuts
     D:9: 1409 daAuts
     D:5: 1216 daAuts
    D:11: 1172 daAuts
     D:4: 1152 daAuts
     D:2: 977 daAuts
     D:1: 971 daAuts
     D:3: 710 daAuts
   Orc:1: 74 daAuts
  Temple: 11 daAuts
